 Dungeon Crawl Stone Soup version 0.24.0-123-gd5b16e6ec5 (webtiles) character file.

Game seed: 12637941100489623899, levelgen mode: deterministic

111 Kobolds4U the Sneak (level 4, -2/24 HPs)
             Began as a Deep Elf Wizard on Dec 21, 2019.
             Slain by a gnoll
             ... wielding a +0 spear
              (4 damage)
             ... on level 3 of the Dungeon.
             The game lasted 00:07:30 (3221 turns).

Kobolds4U the Sneak (Deep Elf Wizard)               Turns: 3221, Time: 00:07:31

Health: -2/24      AC:  4    Str:  5    XL:     4   Next: 62%
Magic:  0/12       EV: 13    Int: 23    God:
Gold:   85         SH:  0    Dex: 13    Spells: 1/11 levels left

rFire    . . .     SeeInvis .   h - -1 dagger (curse)
rCold    . . .     Gourm    .   (no shield)
rNeg     . . .     Faith    .   a - +0 robe
rPois    .         Spirit   .   q - +0 helmet
rElec    .         Reflect  .   (no cloak)
rCorr    .         Harm     .   (no gloves)
MR       .....                  f - +0 pair of boots
Stlth    +++.......             (no amulet)
HPRegen  0.08/turn              (no ring)
MPRegen  0.13/turn              (no ring)

@: no status effects
A: no striking features
a: no special abilities


You were on level 3 of the Dungeon.
You were not hungry.

You visited 1 branch of the dungeon, and saw 3 of its levels.

You collected 85 gold pieces.

Inventory:

Hand Weapons
 h - a cursed -1 dagger (weapon)
 l - a +0 short sword
 r - a +0 dagger
Armour
 a - a +0 robe (worn)
 f - a +0 pair of boots (worn)
 q - a +0 helmet (worn)
Scrolls
 c - 2 scrolls of magic mapping {unknown}
 j - 3 scrolls of teleportation
 k - a scroll of amnesia {unknown}
 n - 2 scrolls of remove curse {unknown}
 s - 2 scrolls of identify {unknown}
 t - a scroll of fog {unknown}
Potions
 e - a potion of brilliance {unknown}
 g - a potion of ambrosia {unknown}
 i - 2 potions of curing {unknown}
 m - a potion of agility
 o - a potion of mutation {unknown}
 p - a potion of degeneration {unknown}
Comestibles
 b - a chunk of flesh
 d - 6 rations


   Skills:
 - Level 2.4 Dodging
 + Level 5.7 Stealth
 - Level 4.4 Spellcasting
 - Level 1.1 Conjurations
 - Level 1.1 Summonings
 * Level 2.5 Translocations


You had one spell level left.
You knew the following spells:

 Your Spells              Type           Power        Failure   Level  Hunger
a - Magic Dart            Conj           ##..         6%          1    None
b - Blink                 Tloc           N/A          5%          2    None
c - Call Imp              Summ           ##......     10%         2    None
d - Slow                  Hex            #.......     16%         2    None
e - Conjure Flame         Conj/Fire      #.......     24%         3    ##.....

Your spell library contained the following spells:

 Spells                   Type           Power        Failure   Level  Hunger
 Mephitic Cloud           Conj/Pois/Air  #.......     26%         3    ##.....


Dungeon Overview and Level Annotations

Branches:
Dungeon (3/15)

Altars:


Message History

Press: ? - help, Shift-Dir - straight line, f/p - gnoll
Aim: a gnoll, wielding a +0 spear (lightly wounded)
The magic dart hits the quokka.
The quokka is moderately wounded.
The quokka misses you.
Casting: Magic Dart (safe; 6% risk of failure)
Confirm with . or Enter, or press ? or * to list all spells.
Aiming: Magic Dart (safe; 6% risk of failure)
Press: ? - help, Shift-Dir - straight line, f - quokka
Aim: a quokka (moderately wounded)
The magic dart hits the quokka but does no damage.
The quokka is moderately wounded.
The quokka barely misses you.
Casting: Magic Dart (safe; 6% risk of failure)
Confirm with . or Enter, or press ? or * to list all spells.
You blink.
The gnoll misses you. The gnoll hits you with a +0 flail!
* * * LOW HITPOINT WARNING * * *
The gnoll hits you from afar with a +0 spear.
You die...

#....# #g(#...#
...... #.##...#
.....# #.##########
..... #.##........
#.... ##.##........#
#...####..##........#
........g###........#
#...###.ggr.........#
#......@####........#
#..####..###........#
..###.............###
......####..........#
........#..#...##...#
..........####.....<#
..........######....#
.......)............#
..........#######...#


You could see 3 gnolls and a quokka.

Vanquished Creatures
  Robin (D:1)
  A gnoll (D:3)
  4 adders (D:2)
  3 leopard geckos
  3 bats
  2 giant cockroaches (D:1)
  9 goblins
  8 hobgoblins
  4 jackals (D:2)
  4 frilled lizards
  7 kobolds
  5 rats
51 creatures vanquished.

Notes
Turn   | Place    | Note
-------+----------+-------------------------------------------
     0 | D:1      | Kobolds4U the Deep Elf Wizard began the quest for the Orb.
     0 | D:1      | Reached XP level 1. HP: 10/10 MP: 7/7
   131 | D:1      | Reached skill level 3 in Stealth
   428 | D:1      | Reached XP level 2. HP: 15/15 MP: 7/9
   432 | D:1      | Learned a level 2 spell: Blink
   435 | D:1      | Learned a level 2 spell: Call Imp
   438 | D:1      | Learned a level 2 spell: Slow
   868 | D:2      | Reached skill level 4 in Stealth
  1227 | D:2      | Reached XP level 3. HP: 14/19 MP: 3/10
  1491 | D:2      | Noticed Robin
  1493 | D:2      | Reached skill level 5 in Stealth
  1712 | D:1      | Killed Robin
  2388 | D:2      | Reached XP level 4. HP: 19/24 MP: 2/12
  2431 | D:2      | Learned a level 3 spell: Conjure Flame
  3221 | D:3      | Slain by a gnoll

Levels and vault maps discovered:
D:1:      shiori_arrival_elements, layout_basic
D:2:      layout_loops_ring, first_ration, uniq_robin
D:3:      layout_rooms, hangedman_decor_growths, minmay_misc_feat_more_columns,
          minivault_24

Skill      XL: |  1  2  3  4 |
---------------+-------------+-----
Stealth        | 3 4 5 |  5.7
Translocations | 2 |  2.5
Dodging        | |  2.4
Spellcasting   | |  4.4
Conjurations   | |  1.1
Summonings     | |  1.1

Action                   |  1- 3 |  4- 6 || total
-------------------------+-------+-------++-------
Melee: Dagger            |    15 |     7 ||    22
 Cast: Magic Dart        |   129 |    47 ||   176
       Slow              |     2 |       ||     2
       Blink             |     1 |     2 ||     3
  Use: Scroll            |       |     1 ||     1
 Stab: Sleeping          |     1 |     1 ||     2
  Eat: Chunk             |     4 |     3 ||     7
Armor: Robe              |     8 |     2 ||    10
Dodge: Dodged            |    51 |    18 ||    69
